Map: Acropolis LE

Players

Namshar - Winner!

  • Race: Zerg Zerg
  • Spawn Location: 5:00

RiSky

  • Race: Zerg Zerg
  • Spawn Location: 11:00

Event: 2019 WCS Summer

VOD

Have the link to the VOD?

Description

Time

  • Played on: July 12, 2019, 12:05 p.m.
  • Length: 7:03

All games in this series

Show
View Real Time Build Order
Export as new Build Order

Namshar Zerg - Winner!

Build Orders: Hatch First 

Get SALT Encoding   

  12  0:00  Drone  
  13  0:12  Overlord  
  13  0:16  Drone  
  14  0:30  Drone x2  
  16  0:47  Hatchery  
  15  0:50  Drone  
  15  0:53  Drone  
  17  0:57  Drone  
  18  1:07  Extractor  
  17  1:12  Spawning Pool  
  17  1:15  Drone  
  17  1:18  Drone  
  18  1:28  Drone  
  19  1:38  Drone  
  20  1:49  Drone  
  21  1:58  Queen  
  21  1:59  Queen  
  21  2:00  Overlord, Zergling x2  
  26  2:08  Metabolic Boost  
  26  2:09  Drone  
  26  2:11  Drone  
  28  2:20  Drone  
  28  2:21  Drone  
  30  2:31  Drone  
  30  2:32  Drone  
  32  2:37  Hatchery  
  32  2:41  Drone  
  32  2:47  Baneling Nest  
  32  2:48  Overlord  
  31  2:53  Drone  
  31  2:55  Drone  
  33  3:06  Drone x4  
  33  3:08  Queen  
  33  3:10  Zergling x2  
  40  3:13  Zergling x2  
  40  3:16  Zergling x2  
  40  3:19  Overlord  
  42  3:22  Overlord  
  42  3:29  Evolution Chamber  
  42  3:30  Baneling x2  
  42  3:31  Drone  
  42  3:38  Drone x3  
  42  3:41  Drone  
  46  3:43  Drone x2, Zergling x2  
  46  3:46  Drone  
  50  3:50  Drone x2  
  52  4:02  Overlord  
  52  4:05  Drone x2  
  52  4:06  Drone  
  52  4:07  Lair  
  55  4:10  Extractor  
  55  4:11  Extractor  
  55  4:14  Drone x4  
  57  4:18  Roach Warren  
  57  4:20  Drone  
  57  4:21  Drone x4  
  61  4:25  Drone x2  
  61  4:27  Zerg Missile Weapons Level 1  
  63  4:32  Overlord  
  63  4:36  Drone x4  
  66  4:44  Extractor  
  65  4:46  Extractor  
  65  4:48  Drone x5  
  65  4:50  Overlord  
  69  5:04  Glial Reconstitution  
  69  5:05  Overlord x2  
  68  5:10  Drone  
  68  5:11  Drone  
  68  5:12  Roach, Overlord  
  68  5:13  Roach x6  
  84  5:19  Overlord  
  84  5:25  Roach x2  
  84  5:27  Overlord x2  
  88  5:35  Nydus Network  
  87  5:42  Roach x7  
  101  5:51  Roach x4  
  101  5:56  Overlord  
  109  5:57  Roach x4  
  117  6:05  Roach  
  117  6:06  Roach  
  121  6:13  Roach x2  
  121  6:15  Nydus Canal  
  121  6:17  Roach  
  127  6:21  Roach x2  
  131  6:27  Roach  
  131  6:28  Roach x6  
  145  6:39  Roach  
  145  6:46  Nydus Canal  
Show
View Real Time Build Order
Export as new Build Order

RiSky Zerg 

Build Orders: Hatch First 

Get SALT Encoding   

  12  0:00  Drone  
  13  0:12  Overlord  
  13  0:16  Drone  
  14  0:30  Drone x2  
  16  0:48  Hatchery  
  15  0:51  Drone  
  15  0:55  Drone  
  17  0:57  Drone  
  18  1:09  Extractor  
  17  1:13  Spawning Pool  
  17  1:16  Drone  
  17  1:19  Drone  
  18  1:27  Drone  
  19  1:38  Drone  
  20  1:48  Overlord  
  20  2:00  Drone x2, Queen x2  
  26  2:08  Metabolic Boost  
  26  2:10  Drone x2  
  28  2:21  Zergling x4  
  30  2:32  Hatchery  
  30  2:34  Drone  
  30  2:42  Overlord  
  31  2:44  Drone  
  31  2:51  Baneling Nest, Drone  
  31  2:54  Drone x2  
  33  3:08  Drone x2  
  33  3:10  Zergling x4  
  33  3:11  Drone x2  
  33  3:12  Drone x2  
  41  3:17  Queen  
  43  3:21  Overlord  
  43  3:23  Drone  
  44  3:31  Evolution Chamber  
  44  3:32  Drone  
  44  3:36  Baneling  
  44  3:40  Drone  
  45  3:42  Drone x2  
  45  3:43  Drone x4  
  45  3:45  Zergling x4  
  53  3:55  Roach Warren  
  52  3:58  Drone x3  
  52  4:01  Zerg Missile Weapons Level 1, Extractor  
  52  4:02  Extractor  
  53  4:03  Drone  
  53  4:06  Drone  
  53  4:08  Overlord  
  55  4:10  Drone  
  55  4:13  Drone x2  
  58  4:18  Overlord  
  58  4:27  Overlord  
  58  4:29  Drone x4  
  58  4:31  Lair  
  62  4:32  Drone x3  
  62  4:35  Drone  
  62  4:37  Drone  
  66  4:40  Drone  
  66  4:45  Zergling x2  
  68  4:48  Zergling x4  
  68  4:50  Drone x2  
  68  4:52  Drone x3, Extractor  
  74  4:54  Extractor  
  74  4:57  Drone  
  74  4:58  Drone x2  
  76  5:01  Drone x2  
  76  5:02  Drone  
  76  5:06  Pneumatized Carapace  
  78  5:08  Extractor  
  78  5:09  Drone x2  
  78  5:13  Drone  
  80  5:20  Drone x2, Overlord  
  82  5:24  Overlord  
  82  5:25  Overlord  
  82  5:27  Hatchery  
  81  5:29  Overlord  
  81  5:31  Glial Reconstitution  
  81  5:39  Overlord  
  81  5:41  Roach x3  
  81  5:42  Roach  
  89  5:45  Overseer  
  89  5:48  Roach x4  
  89  5:49  Overlord x3  
  97  5:52  Roach x2  
  97  5:55  Roach  
  103  6:01  Roach x2  
  107  6:04  Roach  
  107  6:10  Roach  
  111  6:11  Roach  
  111  6:14  Roach x3  
  111  6:15  Ravager x3  
  111  6:18  Roach x4  
  130  6:19  Overlord  
  130  6:23  Roach x2  
  130  6:24  Roach  
  135  6:27  Roach  
  135  6:28  Roach  
  139  6:34  Roach  
  139  6:37  Roach  
  139  6:39  Roach x2  
Tags
 
Add a new tag
Caveats
  • Supply blocks, unpowered buildings, or Contaminate may cause inaccurate times.
  • Supply counts are checked every 10 seconds.